 Dungeon Sprint DCSS version 0.18-b1-16-g289874d (webtiles) character file.

220 Kidiri the Covert (level 5, 0/27 HPs)
             Began as a Spriggan Enchanter on May 1, 2016.
             Slain by a hippogriff (6 damage)
             ... in the Dungeon (Sprint II: "The Violet Keep of Menkaure").
             The game lasted 00:01:23 (175 turns).

Kidiri the Covert (Spriggan Enchanter)               Turns: 175, Time: 00:01:24

Health: 0/27       AC:  3    Str:  4    XL:     5   Next: 64%
Magic:  7/15       EV: 23    Int: 17    God:
Gold:   486        SH:  0    Dex: 17    Spells: 5 memorised, 5 levels left

rFire  . . .     SeeInvis +     a - +1 dagger
rCold  . . .     Gourm    .     b - +1 robe
rNeg   . . .     Faith    .     (shield restricted)
rPois  .         Spirit   .     (helmet restricted)
rElec  .         Dismiss  .     (no cloak)
rCorr  .         Reflect  .     (gloves unavailable)
SustAt .         Harm     .     (boots unavailable)
MR     .....     NoTele   +     (no amulet)
Stlth  +++++.....               (no ring)
                                (no ring)

@: very quick, not resistant to hostile enchantments, quite stealthy
A: unfitting armour, see invisible, herbivore 3, speed 3, slow metabolism 2
a: no special abilities


You were in the Dungeon.
You were not hungry.

You visited 1 branch You collected 486 gold pieces.

Inventory:

Hand Weapons
 a - a +1 dagger (weapon)
Armour
 b - a +1 robe (worn)
Scrolls
 j - a scroll of blinking
Potions
 f - a potion of heal wounds
 g - a potion of haste
 h - a potion of magic
Books
 c - a book of Maledictions

   Spells                             Type                      Level
   a - Corona                         Hexes                        1
   b - Ensorcelled Hibernation        Hexes/Ice                    2
   c - Confuse                        Hexes                        3
   d - Tukima's Dance                 Hexes                        3
   e - Dazzling Spray                 Conjuration/Hexes            3
Comestibles
 d - a bread ration


   Skills:
 + Level 2.6 Fighting
 * Level 5.1 Short Blades
 + Level 2.2 Armour
 * Level 7.2 Dodging
 * Level 8.7 Stealth
 * Level 6.5 Spellcasting
 + Level 1.2 Conjurations
 + Level 5.2 Hexes
 + Level 2.2 Ice Magic


You had 5 spell levels left.
You knew the following spells:

 Your Spells              Type           Power        Failure   Level  Hunger
a - Corona                Hex            ###....      1%          1    None
b - Ensorcelled Hibernat  Hex/Ice        ###...       4%          2    None
c - Confuse               Hex            ###.....     6%          3    ##.....
d - Tukima's Dance        Hex            ###.....     6%          3    ##.....
e - Dazzling Spray        Conj/Hex       ###.....     12%         3    ##.....


Dungeon Overview and Level Annotations

Branches:
Dungeon (1/1)

Altars:


Innate Abilities, Weirdness & Mutations

You are tiny and cannot use many weapons and most armour.
You have supernaturally acute eyesight.
You are a herbivore.
You cover ground extremely quickly.
You need consume almost no food.


Message History

You kill the hippogriff!
Your Fighting skill increases to level 2!
Your Short Blades skill increases to level 5!
Your Armour skill increases to level 2!
Your Dodging skill gained 2 levels and is now at level 7!
Your Stealth skill increases to level 8!
Your Spellcasting skill increases to level 6!
Your Conjurations skill increases to level 1!
Your Hexes skill increases to level 5!
Your Ice Magic skill increases to level 2!
You have reached level 5!
You feel agile.
Casting: Ensorcelled Hibernation
Confirm with . or Enter, or press ? or * to list all spells.
Aiming: Ensorcelled Hibernation
Press: ? - help, Shift-Dir - straight line, f - hippogriff
Aim: a hippogriff (chance to defeat MR: 49%)
The hippogriff resists with some effort.
The hippogriff bites you.
You die...

#+##
###..##
#.##≈.# #
##%#%####
#.
##%###.##
#.##.###..#
#H@<.'%##+
#.##.###..#
#. #+# .##
# $#. ## .B
B. ##. .##
## ##


You could see a hippogriff.

Vanquished Creatures
  A hippogriff (D)
  4 worker ants (D)
  3 worms (D)
8 creatures vanquished.

Vanquished Creatures (others)
  A crocodile (D)
1 creature vanquished.

Grand Total: 9 creatures vanquished

Notes
Turn   | Place    | Note
--------------------------------------------------------------
     0 | D        | Kidiri the Spriggan Enchanter began the quest for the Orb.
     0 | D        | Reached XP level 1. HP: 9/9 MP: 5/5
    18 | D        | Reached skill level 5 in Stealth
    23 | D        | Reached XP level 2. HP: 14/14 MP: 4/7
    40 | D        | Killed a crocodile
    43 | D        | Learned a level 2 spell: Ensorcelled Hibernation
    78 | D        | Noticed a hippogriff
    78 | D        | Noticed a hippogriff
    81 | D        | Noticed a boulder beetle
    81 | D        | Noticed a boulder beetle
    90 | D        | Reached skill level 1 in Fighting
    90 | D        | Reached skill level 1 in Armour
    90 | D        | Reached XP level 3. HP: 18/18 MP: 3/9
    95 | D        | Reached skill level 6 in Stealth
    95 | D        | Reached skill level 1 in Ice Magic
    97 | D        | Reached skill level 5 in Dodging
    97 | D        | Reached skill level 5 in Spellcasting
    97 | D        | Reached XP level 4. HP: 18/23 MP: 6/12
   100 | D        | Reached skill level 7 in Stealth
   109 | D        | Learned a level 3 spell: Confuse
   113 | D        | Learned a level 3 spell: Tukima's Dance
   117 | D        | Learned a level 3 spell: Dazzling Spray
   174 | D        | Killed a hippogriff
   174 | D        | Reached skill level 5 in Short Blades
   174 | D        | Reached skill level 8 in Stealth
   174 | D        | Reached skill level 1 in Conjurations
   174 | D        | Reached skill level 5 in Hexes
   174 | D        | Reached XP level 5. HP: 6/27 MP: 9/15
   175 | D        | Slain by a hippogriff

Skill      XL: |  1  2  3  4 |
---------------+-------------+-----
Spellcasting   | 3 4 5 6 |  6.5
Stealth        | 5 6 8 |  8.7
Short Blades   | 2 3 5 |  5.1
Fighting       | 1 2 |  2.6
Armour         | 1 2 |  2.2
Dodging        | 4 5 7 |  7.2
Hexes          | 4 5 |  5.2
Ice Magic      | 1 2 |  2.2
Conjurations   | 1 |  1.2

Action                   |  1- 3 |  4- 6 || total
-------------------------+-------+-------++-------
Melee: Dagger            |    18 |     3 ||    21
 Cast: Corona            |     2 |       ||     2
       Ensorcelled Hiber |     5 |     3 ||     8
  Use: Potion            |     3 |       ||     3
 Stab: Sleeping          |     3 |     2 ||     5
Dodge: Dodged            |    10 |     2 ||    12
